 Dungeon Crawl Stone Soup version 0.29.0-4-gdea44cf6ec (webtiles) character file.

Game seed: 10904235684995154279

532 qw the Chopper (level 7, -3/41 HPs)
             Began as a Tengu Warper on Aug 28, 2022.
             Slain by a gnoll sergeant
             ... wielding a +1 spear of pain
              (6 damage)
             ... on level 5 of the Dungeon.
             The game lasted 00:00:38 (4924 turns).

qw the Chopper (Tengu Warper)                       Turns: 4924, Time: 00:00:39

Health: -3/41      AC:  9    Str: 13    XL:     7   Next: 24%
Magic:  0/11       EV:  7    Int: 14    God:
Gold:   171        SH:  0    Dex: 13    Spells: 10/10 levels left

rFire   . . .      SeeInvis .   Y - +1 hand axe (vorpal)
rCold   . . .      Faith    .   (no shield)
rNeg    . . .      Spirit   +   k - +0 chain mail
rPois   .          Reflect  .   (helmet restricted)
rElec   .          Harm     .   j - +0 cloak
rCorr   .          Rampage  .   (no gloves)
Will    .....                   (boots unavailable)
Stlth   ..........              q - amulet of guardian spirit
HPRegen 0.13/turn               (no ring)
MPRegen 0.12/turn               (no ring)

@: lethally poisoned (-3 -> -7), flying quickly and evasively, quick
A: beak, talons 3, nimble flight, MP-powered wands
a: no special abilities


You were on level 5 of the Dungeon.
You visited 1 branch of the dungeon, and saw 5 of its levels.

You collected 252 gold pieces.
You spent 81 gold pieces at shops.


Innate Abilities, Weirdness & Mutations

You have a beak for a mouth.
You have claws for feet.
Your magical nature lets you fly swiftly and evasively.
You expend magic power (3 MP) to strengthen your wands.


   Skills:
 - Level 3.2 Fighting
 + Level 7.7 Axes
 - Level 1.0 Throwing
 - Level 2.1 Armour
 - Level 2.1 Dodging
 - Level 2.0 Spellcasting
 - Level 2.4 Translocations


You had 10 spell levels left.
You didn't know any spells.
Your spell library contained the following spells:

 Spells                   Type           Power      Damage    Failure   Level
 Blink                    Tloc           16%        N/A       99%         2
 Gell's Gravitas          Tloc           8%         N/A       100%        3
 Lesser Beckoning         Tloc           8%         N/A       100%        3
 Teleport Other           Tloc           8%         N/A       100%        3
 Manifold Assault         Tloc           8%         N/A       100%        5

Inventory:

Hand Weapons
 d - a +0 flail
 Y - a +1 vorpal hand axe (weapon)
Missiles
 b - a boomerang (quivered)
Armour
 j - a +0 cloak (worn)
 k - a +0 chain mail (worn)
Jewellery
 q - an amulet of guardian spirit (around neck)
Scrolls
 e - a scroll of identify
Potions
 a - a potion of resistance
 f - a potion of mutation
 i - a potion of cancellation {unknown}
 l - a potion of might {unknown}
 n - a potion of haste {unknown}
 o - 2 potions of curing

Dungeon Overview and Level Annotations

Branches:
Dungeon (5/15)
 Temple: D:4-7

Altars:
Trog
Zin

Shops:
D:2 *   D:3 ==[*


Message History

You writhe in agony.
The gnoll hits you but does no damage.
The gnoll hits you with a +2 spear of venom.
You are more poisoned.
You slash the gnoll!
You kill the gnoll!
You completely miss the gnoll. You barely miss the gnoll sergeant.
You feel sick.
The gnoll hits you from afar with a +0 vorpal spear.
The gnoll barely misses you. The gnoll closely misses you.
You completely miss the gnoll sergeant. Your kick misses the gnoll sergeant.
You peck the gnoll sergeant, but do no damage.
The gnoll sergeant is lightly wounded.
You hit the gnoll but do no damage.
You feel sick. The gnoll barely misses you.
The gnoll sergeant hits you with a +1 spear of pain.
The gnoll hits you from afar with a +0 spear!
The gnoll hits you but does no damage.
You hit the gnoll sergeant.
The gnoll sergeant is moderately wounded.
You hit the gnoll.
You feel sick.
The gnoll sergeant hits you but does no damage.
The gnoll closely misses you.
The gnoll hits you from afar with a +0 spear.
The gnoll hits you with a +0 whip.
You barely miss the gnoll sergeant. You peck the gnoll sergeant.
The gnoll sergeant is heavily wounded.
You hit the gnoll but do no damage.
You feel sick.
The gnoll sergeant hits you with a +1 spear of pain.
The gnoll hits you from afar with a +0 vorpal spear.
The gnoll completely misses you. The gnoll barely misses you.
You hit the gnoll sergeant. You claw the gnoll sergeant.
The gnoll sergeant is severely wounded.
You hit the gnoll.
You feel sick.
The gnoll hits you from afar with a +0 spear.
The gnoll hits you but does no damage. x2
The gnoll sergeant hits you with a +1 spear of pain!
You die...

########
#......#
#......#
#<....>#
#......#
#./.g..#
#.)@g..#
####..##


gg# Oh.. ...#. .... .. #.#.# . .... You could see an ogre, a gnoll sergeant, a
hound and 3 gnolls.

Vanquished Creatures
  Eustachio (D:4)
  2 ogres (D:4)
  An orc priest (D:3)
  An orc wizard (D:3)
  6 gnolls
  5 adders
  A worm (D:2)
  2 dart slugs (D:2)
  2 orcs
  5 ball pythons
  6 endoplasms
  5 giant cockroaches
  6 goblins
  3 hobgoblins
  3 jackals (D:3)
  4 quokkas
  5 bats
  5 frilled lizards
  5 kobolds
  8 rats
76 creatures vanquished.

Vanquished Creatures (others)
  8 plants
8 creatures vanquished.

Grand Total: 84 creatures vanquished

Notes
Turn   | Place    | Note
-------+----------+-------------------------------------------
     0 | D:1      | qw the Tengu Warper began the quest for the Orb.
     0 | D:1      | Reached XP level 1. HP: 12/12 MP: 4/4
     0 | D:1      | 0 ||| qw: Version: 0.1-a-89-g26bdef1
     0 | D:1      | 0 ||| qw: Game counter: 3177
     0 | D:1      | 0 ||| qw: Always use a shield: true
     0 | D:1      | 0 ||| qw: God list: Okawaru
     0 | D:1      | 0 ||| qw: Allow faded altars: false
     0 | D:1      | 0 ||| qw: Do Orc after D:15 true
     0 | D:1      | 0 ||| qw: Do second Lair branch before Depths: true
     0 | D:1      | 0 ||| qw: Lair rune preference: random
     0 | D:1      | 0 ||| qw: Plans: Normal
     0 | D:1      | 0 ||| PLANNING D:1-11
   217 | D:1      | Reached skill level 3 in Axes
   217 | D:1      | Reached XP level 2. HP: 12/17 MP: 6/6
   625 | D:1      | 625 ||| Stepping ~*~*~tactically~*~*~ (stealth).
   626 | D:1      | 626 ||| Stepping ~*~*~tactically~*~*~ (stealth).
   866 | D:1      | 866 ||| Stepping ~*~*~tactically~*~*~ (stealth).
   867 | D:1      | 867 ||| Stepping ~*~*~tactically~*~*~ (stealth).
   868 | D:1      | 868 ||| Stepping ~*~*~tactically~*~*~ (stealth).
   869 | D:1      | 869 ||| Stepping ~*~*~tactically~*~*~ (stealth).
   875 | D:1      | HP: 4/17 [kobold/+0 whip (3)]
   876 | D:1      | HP: 1/17 [kobold/+0 whip (4)]
   887 | D:1      | 887 ||| Stepping ~*~*~tactically~*~*~ (stealth).
   888 | D:1      | 888 ||| Stepping ~*~*~tactically~*~*~ (stealth).
   925 | D:1      | HP: 2/17 [constriction (1)]
  1221 | D:1      | 1221 ||| DROPPING +0 club.
  1333 | D:1      | 1333 ||| UPGRADING to +0 ring mail.
  1343 | D:1      | 1343 ||| DROPPING +0 leather armour.
  1344 | D:1      | 1344 ||| READING scroll labelled BESOSUB SAQEDI.
  1345 | D:1      | 1345 ||| READING 2 scrolls labelled LUURAS ERAFU.
  1346 | D:1      | 1346 ||| DROPPING scroll of blinking.
  1376 | D:2      | Reached XP level 3. HP: 16/21 MP: 7/7
  1378 | D:2      | 1378 ||| STAIRDANCE
  1452 | D:2      | 1452 ||| FLEEEEING.
  1453 | D:2      | 1453 ||| FLEEEEING.
  1454 | D:2      | 1454 ||| FLEEEEING.
  1455 | D:2      | 1455 ||| FLEEEEING.
  1456 | D:2      | 1456 ||| STAIRDANCE
  1676 | D:2      | Reached skill level 4 in Axes
  1982 | D:2      | Found Kuynoew's Assorted Antiques.
  1990 | D:2      | 1990 ||| BUYING grey potion (19 gold).
  1990 | D:2      | Bought a grey potion for 19 gold pieces
  1990 | D:2      | 1990 ||| BUYING murky purple potion (19 gold).
  1990 | D:2      | Bought a murky purple potion for 19 gold pieces
  1990 | D:2      | 1990 ||| SHOPLISTING scratched pearl ring (110 gold, have
                  | 7).
  1990 | D:2      | 1990 ||| SHOPLISTING scroll labelled CAOTAORUTZ (22 gold,
                  | have 7).
  2240 | D:2      | Reached XP level 4. HP: 9/26 MP: 8/8
  2562 | D:2      | 2562 ||| UPGRADING to +0 chain mail.
  2572 | D:2      | 2572 ||| DROPPING +0 ring mail.
  2573 | D:2      | 2573 ||| UPGRADING to amulet of guardian spirit.
  2578 | D:2      | 2578 ||| READING 3 scrolls labelled RIUGRE HYSURE.
  2579 | D:2      | 2579 ||| READING scroll labelled WYBEOTYCKA.
  2580 | D:2      | 2580 ||| READING scroll labelled WUSUEGROSCH.
  2581 | D:2      | 2581 ||| READING scroll labelled KUOSUI WAPLEI.
  2582 | D:2      | 2582 ||| READING scroll labelled WACIUR VOZUEGOE.
  2583 | D:2      | 2583 ||| DROPPING 2 scrolls of amnesia.
  2647 | D:3      | Found Woetunwo's Jewellery Boutique.
  2652 | D:3      | 2652 ||| SHOPLISTING +4 ring of evasion (360 gold, have
                  | 22).
  2652 | D:3      | 2652 ||| SHOPLISTING +4 ring of protection (360 gold, have
                  | 22).
  2652 | D:3      | 2652 ||| SHOPLISTING +6 ring of dexterity (360 gold, have
                  | 22).
  2652 | D:3      | 2652 ||| SHOPLISTING ring of protection from cold (250
                  | gold, have 22).
  2652 | D:3      | 2652 ||| SHOPLISTING ring of willpower (250 gold, have 22).
  2696 | D:3      | Reached skill level 5 in Axes
  2810 | D:3      | HP: 5/26 [gnoll/+0 spear (5)]
  2813 | D:3      | Gained mutation: Your magical nature lets you fly swiftly
                  | and evasively. [Tengu growth]
  2813 | D:3      | Reached XP level 5. HP: 6/30 MP: 3/9
  2880 | D:3      | 2880 ||| FLEEEEING.
  2885 | D:3      | 2885 ||| STAIRDANCE
  3050 | D:2      | 3050 ||| READING 3 scrolls labelled LURUSU EPUALIR.
  3051 | D:2      | 3051 ||| READING 2 scrolls of identify.
  3051 | D:2      | 3051 ||| IDENTIFYING glowing cyan potion
  3052 | D:2      | 3052 ||| DROPPING potion of berserk rage.
  3053 | D:2      | 3053 ||| DROPPING 2 scrolls of summoning.
  3065 | D:3      | Found Myfan's Antique Armour Boutique.
  3134 | D:3      | 3134 ||| SHOPLISTING glowing scarf (128 gold, have 31).
  3134 | D:3      | 3134 ||| SHOPLISTING plate armour (368 gold, have 31).
  3194 | D:3      | 3194 ||| Stepping ~*~*~tactically~*~*~ (stealth).
  3203 | D:3      | Found a bloodstained altar of Trog.
  3215 | D:3      | 3215 ||| Stepping ~*~*~tactically~*~*~ (stealth).
  3217 | D:3      | 3217 ||| Stepping ~*~*~tactically~*~*~ (hiding).
  3227 | D:3      | Reached skill level 6 in Axes
  3237 | D:3      | 3237 ||| DROPPING +0 whip.
  3444 | D:3      | Found a faded altar of an unknown god.
  3466 | D:3      | Found Lerix's Assorted Antiques.
  3473 | D:3      | 3473 ||| SHOPLISTING dented fluorescent amulet (115 gold,
                  | have 88).
  3473 | D:3      | 3473 ||| BUYING murky purple potion (20 gold).
  3473 | D:3      | Bought a murky purple potion for 20 gold pieces
  3473 | D:3      | 3473 ||| BUYING scroll labelled YNNESTRISTRU (23 gold).
  3473 | D:3      | Bought a scroll labelled YNNESTRISTRU for 23 gold pieces
  3473 | D:3      | 3473 ||| SHOPLISTING scroll of identify (46 gold, have 45).
  3507 | D:3      | Found Seyst's Jewellery Shop.
  3514 | D:3      | 3514 ||| SHOPLISTING +6 ring of dexterity (432 gold, have
                  | 45).
  3514 | D:3      | 3514 ||| SHOPLISTING +6 ring of strength (432 gold, have
                  | 45).
  3514 | D:3      | 3514 ||| SHOPLISTING ring of willpower (300 gold, have 45).
  3764 | D:3      | 3764 ||| UPGRADING to +0 cloak.
  3769 | D:3      | 3769 ||| READING scroll labelled XECALATUCS.
  3770 | D:3      | 3770 ||| READING scroll labelled YNNESTRISTRU.
  3774 | D:3      | 3774 ||| DRINKING 3 murky purple potions.
  3775 | D:3      | 3775 ||| READING 3 scrolls of identify.
  3775 | D:3      | 3775 ||| IDENTIFYING pink potion
  3776 | D:3      | 3776 ||| READING 2 scrolls of identify.
  3776 | D:3      | 3776 ||| IDENTIFYING bubbling silvery potion
  3777 | D:3      | 3777 ||| DROPPING potion of flight.
  3836 | D:4      | Noticed Eustachio
  3847 | D:4      | 3847 ||| FLEEEEING.
  3848 | D:4      | 3848 ||| FLEEEEING.
  3854 | D:4      | Killed Eustachio
  3855 | D:4      | Reached skill level 7 in Axes
  3855 | D:4      | Reached XP level 6. HP: 32/35 MP: 10/10
  4266 | D:4      | Reached skill level 3 in Fighting
  4531 | D:4      | Reached XP level 7. HP: 32/41 MP: 7/11
  4678 | D:4      | Found a glowing silver altar of Zin.
  4731 | D:4      | 4731 ||| READING scroll labelled EMAASEAXACW.
  4732 | D:4      | 4732 ||| DRINKING 2 gluggy blue potions.
  4732 | D:4      | Gained mutation: You expend magic power (3 MP) to
                  | strengthen your wands. [potion of mutation]
  4733 | D:4      | 4733 ||| READING 3 scrolls of identify.
  4733 | D:4      | 4733 ||| IDENTIFYING sapphire potion
  4734 | D:4      | 4734 ||| READING 2 scrolls of identify.
  4734 | D:4      | 4734 ||| IDENTIFYING fizzy yellow potion
  4735 | D:4      | 4735 ||| DROPPING potion of brilliance.
  4736 | D:4      | 4736 ||| DROPPING potion of magic.
  4750 | D:3      | 4750 ||| Stepping randomly (stuck).
  4895 | D:3      | 4895 ||| Stepping randomly (stuck).
  4909 | D:5      | Entered Level 5 of the Dungeon
  4910 | D:5      | 4910 ||| PLANNING SEWER
  4911 | D:5      | 4911 ||| Stepping ~*~*~tactically~*~*~ (hiding).
  4912 | D:5      | 4912 ||| Stepping ~*~*~tactically~*~*~ (hiding).
  4922 | D:5      | HP: 9/41 [gnoll/+0 whip[a gnoll sergeant] (3)]
  4924 | D:5      | HP: 4/41 [poisoned by a gnoll]
  4924 | D:5      | Slain by a gnoll sergeant

Levels and vault maps discovered:
D:1:      dpeg_arrival_solitude, layout_rooms, serial_bayou_lagoon_a,
          chequers_serial_rivers_micro_a, minmay_misc_feat_room,
          minmay_misc_feat_enclosed, kennysheep_boxes
D:2:      layout_rooms, serial_shops, shop_fountains, hangedman_decor_slide_cut
D:3:      layout_basic, mainiacjoe_overflow_small_starburst,
          dreamdust_ecumenical_altar_angels_and_demons, serial_shops,
          shop_statue, shop, nicolae_square_shop,
          nicolae_shop_overgrown_old_shop, chequers_decorated_corner
D:4:      layout_gridville, zin_statuary, uniq_eustachio
D:5:      layout_rooms, minmay_temple_entry_sparse_star, portal_sewer_entry_d,
          patterned_corridor

Skill      XL: |  1  2  3  4  5  6 |
---------------+-------------------+-----
Axes           | 3 4 5 7 |  7.7
Armour         | 2 |  2.1
Fighting       | 3 |  3.2
Throwing       | |  1.0
Dodging        | |  2.1
Spellcasting   | |  2.0
Translocations | |  2.4

Action                   |  1- 3 |  4- 6 |  7- 9 || total
-------------------------+-------+-------+-------++-------
Melee: Hand axe          |    96 |    89 |     8 ||   193
       Kick              |    20 |    29 |     3 ||    52
       Peck              |    16 |     9 |     4 ||    29
Throw: Boomerang         |    26 |    47 |     1 ||    74
  Use: Scroll            |     2 |    11 |     3 ||    16
       Potion            |       |     1 |     1 ||     2
Armor: Leather armour    |    12 |       |       ||    12
       Ring mail         |    15 |       |       ||    15
       Chain mail        |       |    29 |     6 ||    35
Dodge: Dodged            |    36 |    32 |     7 ||    75

Table legend:
 A = Non-vault XP
 B = Vault XP
 C = Vault XP percentage of total XP
 D = Non-vault monster count
 E = Vault monster count
 F = Vault count percentage of total count
                 A         B        C        D         E       F
            +---------+---------+-------+---------+---------+-------
      Total |     579 |     182 |  23.9 |      75 |       1 |   1.3
            +---------+---------+-------+---------+---------+-------
        D:1 |      32 |       0 |   0.0 |      20 |       0 |   0.0
        D:2 |      65 |       0 |   0.0 |      20 |       0 |   0.0
        D:3 |     194 |       0 |   0.0 |      22 |       0 |   0.0
        D:4 |     259 |     182 |  41.3 |      11 |       1 |   8.3
        D:5 |      29 |       0 |   0.0 |       2 |       0 |   0.0
            +---------+---------+-------+---------+---------+-------
